 Dungeon Crawl Stone Soup version 0.18.1-1-g2f07953 (webtiles) character file.

84 AVATAR8128 the Magician (level 4, -1/24 HPs)
             Began as a Deep Elf Wizard on Aug 26, 2016.
             Slain by an adder (4 damage)
             ... on level 2 of the Dungeon.
             The game lasted 00:35:29 (2246 turns).

AVATAR8128 the Magician (Deep Elf Wizard)           Turns: 2246, Time: 00:35:30

Health: -1/24      AC:  2    Str:  4    XL:     4   Next: 24%
Magic:  1/13       EV: 12    Int: 24    God:
Gold:   0          SH:  0    Dex: 13    Spells: 6 memorised, 2 levels left

rFire  . . .     SeeInvis .     k - +0 flail (drain)
rCold  + . .     Gourm    .     a - +0 robe
rNeg   . . .     Faith    .     (no shield)
rPois  .         Spirit   .     b - +0 hat
rElec  .         Dismiss  .     (no cloak)
rCorr  .         Reflect  .     (no gloves)
SustAt .         Harm     .     (no boots)
MR     .....                    (no amulet)
Stlth  ++........               e - ring of flight
                                n - ring of protection from cold

@: lethally poisoned (-1 -> -3), drained, not resistant to hostile enchantments,
unstealthy
A: no striking features
a: Evoke Flight


You were on level 2 of the Dungeon.
You were not hungry.

You visited 1 branch of the dungeon, and saw 2 of its levels.

Inventory:

Hand Weapons
 k - a +0 flail of draining (weapon)
Missiles
 d - 54 sling bullets
 g - 4 needles of confusion (quivered)
 h - 58 stones
Armour
 a - a +0 robe (worn)
 b - a +0 hat (worn)
Jewellery
 e - a ring of flight (right hand)
 n - a ring of protection from cold (left hand)
Scrolls
 i - a scroll of remove curse {unknown}
 j - a scroll of fear {unknown}
Potions
 l - a potion of agility
Books
 c - a book of Minor Magic

   Spells                             Type                      Level
   a - Magic Dart                     Conjuration                  1
   b - Blink                          Translocation                2
   c - Call Imp                       Summoning                    2
   d - Repel Missiles                 Charms/Air                   2
   e - Slow                           Hexes                        2
   f - Conjure Flame                  Conjuration/Fire             3
   g - Mephitic Cloud                 Conjuration/Poison/Air       3
Comestibles
 f - a meat ration


   Skills:
 + Level 0.1(0.0) Fighting
 * Level 3.0(2.3) Dodging
 + Level 2.9(2.2) Stealth
 + Level 5.5(4.7) Spellcasting
 * Level 2.0(1.3) Conjurations
 * Level 1.7(1.0) Charms
 * Level 1.5(0.8) Summonings
 + Level 1.1(0.4) Translocations


You had 2 spell levels left.
You knew the following spells:

 Your Spells              Type           Power        Failure   Level  Hunger
a - Magic Dart            Conj           ##..         6%          1    None
b - Blink                 Tloc           N/A          12%         2    None
c - Call Imp              Summ           #.......     12%         2    None
d - Repel Missiles        Chrm/Air       #.....       12%         2    None
e - Slow                  Hex            #.......     14%         2    None
f - Conjure Flame         Conj/Fire      #.......     24%         3    ##.....


Dungeon Overview and Level Annotations

Branches:
Dungeon (2/15)

Altars:
Cheibriados
Nemelex Xobeh
The Shining One


Message History

The adder is lightly wounded.
* * * LOW HITPOINT WARNING * * *
You feel sick. The adder barely misses you.
Casting: Magic Dart
Confirm with . or Enter, or press ? or * to list all spells.
Aiming: Magic Dart
Press: ? - help, Shift-Dir - straight line, f/p - adder
Aim: an adder (lightly wounded)
The magic dart hits the adder.
The adder is moderately wounded.
The adder barely misses you.
Casting: Magic Dart
Confirm with . or Enter, or press ? or * to list all spells.
Aiming: Magic Dart
Press: ? - help, Shift-Dir - straight line, f/p - adder
Aim: an adder (moderately wounded)
The magic dart hits the adder.
The adder is heavily wounded.
The adder bites you.
You die...

#######.##.# #.# ######.#####
.(.........###.####..........#
#######.##(#.....##.####.###.#
#######...>#.#.#.##.# #.# #.#
.....####........##.# #.# #.#
####.# #..#.#.#.##.# #.###.#
#.# #..#.....##.# #..##.# #.#
#..###.#S##.# ##.##.#
####.####..# #.#@##.## #.##.#
...........# #.#.#...####.##.#
........#<## #........<##.##.#
.###.##.#.# ##.##...#.##.##.#
.# #.##.#.#####.###..........#
## #.##.#.................####
#.##.#######.######.####
#.##.# #.# #.# #.##.# #.# #.#


You could see an adder.

Vanquished Creatures
  Terence (D:2)
  A worm (D:2)
  2 dart slugs (D:1)
  3 giant geckos
  4 giant cockroaches
  6 hobgoblins
  6 kobolds
  2 ball pythons (D:1)
  8 bats
  3 giant newts
  7 goblins
  6 rats
49 creatures vanquished.

Vanquished Creatures (collateral kills)
  A gnoll (D:1)
  A rat (D:1)
2 creatures vanquished.

Grand Total: 51 creatures vanquished

Notes
Turn   | Place    | Note
--------------------------------------------------------------
     0 | D:1      | AVATAR8128 the Deep Elf Wizard began the quest for the Orb.
     0 | D:1      | Reached XP level 1. HP: 10/10 MP: 7/7
   225 | D:1      | Found a sparkling altar of Nemelex Xobeh.
   235 | D:1      | Reached XP level 2. HP: 15/15 MP: 6/9
   244 | D:1      | Reached skill level 5 in Spellcasting
   248 | D:1      | Learned a level 2 spell: Blink
   251 | D:1      | Learned a level 2 spell: Call Imp
   254 | D:1      | Learned a level 2 spell: Repel Missiles
   257 | D:1      | Learned a level 2 spell: Slow
   565 | D:1      | Reached skill level 1 in Charms
   621 | D:1      | Reached XP level 3. HP: 18/19 MP: 2/11
  1037 | D:1      | Learned a level 3 spell: Conjure Flame
  1245 | D:2      | Found a snail-covered altar of Cheibriados.
  1828 | D:2      | Found a glowing golden altar of the Shining One.
  1850 | D:2      | Noticed Terence
  1931 | D:2      | Killed Terence
  1931 | D:2      | Reached XP level 4. HP: 6/24 MP: 1/13
  2246 | D:2      | Slain by an adder

Skill      XL: |  1  2  3 |
---------------+----------+-----
Spellcasting   | 5 |  5.5
Charms         | 1 |  1.7
Dodging        | 3 |  3.0
Conjurations   | 2 |  2.0
Fighting       | |  0.1
Stealth        | |  2.9
Summonings     | |  1.5
Translocations | |  1.1

Action                   |  1- 3 |  4- 6 || total
-------------------------+-------+-------++-------
Melee: Club              |    13 |       ||    13
       Flail             |       |     3 ||     3
 Cast: Magic Dart        |   115 |    18 ||   133
       Call Imp          |     3 |       ||     3
       Slow              |     3 |     1 ||     4
       Conjure Flame     |     1 |       ||     1
  Use: Scroll            |     1 |     1 ||     2
  Eat: Bread ration      |     1 |       ||     1
       Chunk             |     1 |       ||     1
Armor: Robe              |     4 |     7 ||    11
Dodge: Dodged            |    26 |    24 ||    50
